 Dungeon Crawl Stone Soup version 0.24.0-13-gcf9b3192b9 (webtiles) character file.

Game seed: 11545244718901002051, levelgen mode: deterministic

11491 Katsumi the Champion of Chaos (level 11, -7/55 HPs)
             Began as a Felid Transmuter on Nov 10, 2019.
             Was the Champion of Makhleb.
             Killed from afar by an orc sorcerer (26 damage)
             ... with a bolt of negative energy
             ... led by an orc knight
             ... while paralysed by an orc sorcerer
             ... on level 2 of the Orcish Mines.
             The game lasted 01:22:19 (35873 turns).

Katsumi the Champion of Chaos (Felid Transmuter)   Turns: 35873, Time: 01:22:19

Health: -7/55      AC:  8    Str:  6    XL:     11   Next: 50%
Magic:  22/22      EV:  4    Int: 18    God:    Makhleb [******]
Gold:   922        SH:  0    Dex: 18    Spells: 3/22 levels left
                                        Lives:  0   Deaths: 2

rFire    + . .     SeeInvis +     - Unarmed
rCold    + . .     Gourm    .   (shield unavailable)
rNeg     . . .     Faith    .   (armour unavailable)
rPois    .         Spirit   .   (helmet unavailable)
rElec    .         Reflect  .   (cloak unavailable)
rCorr    .         Harm     .   (gloves unavailable)
MR       +....                  (boots unavailable)
Stlth    ++........             d - amulet of the acrobat
HPRegen  0.18/turn              P - ring of protection from fire
MPRegen  0.18/turn              b - +5 ring of protection

@: paralysed, heavily drained, quick
A: very small, no armour, no weapons or thrown items, stealth, claws 1, fangs 3,
see invisible, carnivore, speed 1, shaggy fur 3, slow metabolism 1, sharp paws
a: Minor Destruction, Lesser Servant of Makhleb, Major Destruction, Greater
Servant of Makhleb, Renounce Religion


You were on level 2 of the Orcish Mines.
You worshipped Makhleb.
Makhleb was exalted by your worship.
You were not hungry.

You visited 3 branches of the dungeon, and saw 19 of its levels.
You also visited: Sewer, Bailey and Volcano.

You collected 2026 gold pieces.
You spent 1104 gold pieces at shops.

Inventory:

Missiles
 a - 324 arrows
Jewellery
 b - a +5 ring of protection (right paw)
 d - an amulet of the acrobat (around neck)
 s - an uncursed ring of ice
 t - the ring "Qaoxtif" {rC+ rN++ MR+ Str+3}
   (You found it on level 6 of the Dungeon)

   [ring of strength]

   It affects your strength (+3).
   It protects you from cold.
   It greatly protects you from negative energy.
   It affects your resistance to hostile enchantments.
 E - a +3 ring of protection
 O - a +2 ring of intelligence
 P - a ring of protection from fire (left paw)
Wands
 f - a wand of flame (74)
 u - a wand of enslavement (17)
 x - a wand of acid (4)
 A - a wand of random effects (9)
 B - a wand of clouds (4)
 C - a wand of paralysis (15)
 F - a wand of digging (4)
 J - a wand of polymorph (8)
 K - a wand of disintegration (14)
 R - a wand of iceblast (6)
Scrolls
 e - 3 scrolls of teleportation
 h - 3 scrolls of fog
 i - 3 scrolls of amnesia
 j - a scroll of summoning
 m - 3 scrolls of enchant weapon
 y - 3 scrolls of magic mapping
 z - 4 scrolls of blinking
 D - 3 scrolls of immolation
 H - 2 scrolls of torment
 I - 3 scrolls of remove curse
 Q - a scroll of silence {unknown}
Potions
 g - 4 potions of lignification
 k - 7 potions of might
 l - 2 potions of curing
 n - a potion of invisibility
 o - 3 potions of magic
 p - 3 potions of brilliance
 q - 3 potions of flight
 r - a potion of haste
 v - 6 potions of heal wounds
 G - 2 potions of cancellation
 M - a potion of ambrosia
 N - 2 potions of berserk rage
 S - 2 potions of agility
Miscellaneous
 w - a lamp of fire
 L - a phial of floods
Comestibles
 c - 33 rations


   Skills:
 - Level 10.3(8.8) Fighting
 - Level 2.6(1.5) Dodging
 - Level 5.2(4.0) Unarmed Combat
 - Level 6.0(4.7) Spellcasting
 - Level 4.1(2.9) Charms
 - Level 6.0(4.6) Summonings
 - Level 2.0(0.8) Necromancy
 - Level 10.0(8.5) Transmutations
 - Level 4.0(2.8) Air Magic
 + Level 13.9(12.3) Invocations
 - Level 6.0(4.7) Evocations


You had 3 spell levels left.
You knew the following spells:

 Your Spells              Type           Power        Failure   Level  Hunger
a - Summon Lightning Spi  Summ/Air       ###.....     28%         4    ####...
b - Sticks to Snakes      Tmut           #####...     1%          2    #......
c - Blade Hands           Tmut           #####.....   12%         5    ######.
d - Beastly Appendage     Tmut           #####.       1%          1    None
e - Regeneration          Chrm/Necr      ##........   19%         3    ###....
f - Shroud of Golubria    Chrm/Tloc      #.....       12%         2    #......
g - Song of Slaying       Chrm           ##......     6%          2    #......

Your spell library contained the following spells:

 Spells                   Type           Power        Failure   Level  Hunger
 Summon Small Mammal      Summ           ###.         1%          1    None
 Call Imp                 Summ           ###.....     3%          2    #......
 Infusion                 Chrm           ##..         4%          1    None
 Call Canine Familiar     Summ           ###.....     6%          3    ###....
 Spider Form              Tmut/Pois      ###.......   7%          3    ###....
 Freeze                   Ice            #...         14%         1    None
 Summon Guardian Golem    Hex/Summ       ##......     16%         3    ###....
 Throw Frost              Conj/Ice       #.....       21%         2    #......
 Ozocubu's Armour         Chrm/Ice       #.......     22%         3    ###....
 Ice Form                 Ice/Tmut       ###.....     24%         4    ####...
 Summon Ice Beast         Ice/Summ       ##......     45%         4    ####...
 Throw Icicle             Conj/Ice       #.......     80%         4    ####...
 Spectral Weapon          Hex/Chrm       Unusable     N/A         3    N/A

Dungeon Overview and Level Annotations

Branches:
Dungeon (11/15)            Temple (0/1) D:5            Lair (6/6) D:10
  Swamp (0/4) Lair:3       Spider (0/4) Lair:2        Slime (0/5) Lair:6
    Orc (2/2) D:11            Elf (0/3) Orc:2         Sewer (visited)
 Bailey (visited)         Volcano (visited)

Altars:
Dithmenos
Elyvilon
Fedhas
Gozag
Kikubaaqudgha
Makhleb
Nemelex Xobeh
Ru
Sif Muna
Trog
Uskayaw
Wu Jian
Zin
Beogh

Shops:
D:9 :   D:10 ?

Portals:
Hell: Lair:6

Annotations:
D:9 2 transporters
Lair:6 exclusion: oklob plant


Innate Abilities, Weirdness & Mutations

You cannot wear armour.
You are incapable of wielding weapons or throwing items.
Your paws allow you to move quietly. (Stealth)
You have sharp claws.
You have razor-sharp teeth.
You have supernaturally acute eyesight. (SInv)
You are carnivorous and can eat meat at any time.
You cover ground quickly.
Your thick and shaggy fur keeps you warm. (AC +3, rC+)
You have a slow metabolism.
Your sharp claws are effective at attacking unaware monsters.


Message History

Found 14 gold pieces.
Unknown command.
An orc sorcerer is nearby!
An orc sorcerer is nearby!
An orc sorcerer is nearby!
The orc sorcerer points at you and mumbles some strange words.
The bolt of negative energy hits you!!
You feel drained.
Ouch! That really hurt!
You are too injured to fight recklessly!
You are too injured to fight recklessly!
The orc sorcerer points at you and mumbles some strange words.
You suddenly lose the ability to move!
The orc sorcerer hits you but does no damage.
The orc wizard mumbles some strange words.
The orc wizard blinks!
The orc throws a boomerang.
The boomerang hits you.
The weapon returns to the orc!
The orc sorcerer points at you and mumbles some strange words.
The bolt of negative energy hits you!!
You feel drained.
You die...

.##.#..#.#..#.#.....#.#.
........................
........................
.............<...................
....................$........$...
.................................
#..........................$.....
.............$...................
................@o...............
....>..##........................
#.#.... .........$..............
.#..... .....##................#
..... ##....#oo..o....#. .....
...##.o..o...... ...#
.........o...... ...
.........oo..... ......o†......


You could see an orc sorcerer, an orc warrior and 2 orcs.

Vanquished Creatures
  Josephine (Lair:4)
  Harold (D:9)
  A catoblepas (Lair:6)
  Erica (D:11)
  2 death yaks (Lair:4)
  A sun demon (Lair:5)
  A wizard (Lair:6)
  An orc sorcerer (Orc:1)
  A cyclops (D:10)
  7 elephants
  2 black mambas
  Psyche (D:9)
  4 spiny frogs
  2 komodo dragons (Lair:4)
  3 yaktaurs (Volcano)
  2 rime drakes (Lair:6)
  2 ice devils (Lair:6)
  A troll (D:11)
  7 blink frogs (Lair:5)
  3 dream sheep (Lair:6)
  2 slime creatures (Lair:5)
  3 hippogriffs
  Sigmund (D:4)
  38 yaks
  2 wraiths (Lair:4)
  4 wyverns
  A steam dragon (D:8)
  3 fire bats (Orc:1)
  A basilisk (Lair:5)
  A hungry ghost (D:7)
  Edmund (D:4)
  A soldier ant (Lair:3)
  3 hell hounds (Lair:6)
  8 water moccasins
  A warg (Orc:2)
  2 porcupines
  3 ice beasts
  8 orc warriors
  A black bear (D:10)
  4 phantoms
  14 killer bees
  3 wolves
  An ogre (D:8)
  6 centaurs
  7 crocodiles
  A big kobold (D:8)
  6 bullfrogs
  2 scorpions
  2 howler monkeys
  An electric eel (Lair:3)
  2 bullfrog zombies (D:11)
  6 crimson imps
  A quasit (D:6)
  3 hounds
  A centaur skeleton (D:4)
  2 bullfrog skeletons
  6 orc priests
  7 jellies
  An iguana (D:8)
  Terence (D:2)
  18 orc wizards
  13 worker ants
  A hound zombie (D:11)
  2 hound skeletons
  2 howler monkey zombies (D:7)
  Robin (D:1)
  9 gnolls
  11 adders
  2 shadow imps
  2 adder skeletons (D:6)
  4 worms
  A dart slug (D:1)
  2 leopard geckos
  48 orcs
  2 ball pythons
  2 bats (D:1)
  7 giant cockroaches
  20 goblins
  7 hobgoblins
  4 jackals
  18 kobolds
  2 quokkas (D:2)
  8 frilled lizards
  A leopard gecko skeleton (D:4)
  2 quokka zombies
  8 rats
402 creatures vanquished.

Vanquished Creatures (collateral kills)
  6 hydras
  A two-headed ogre (D:11)
  A death yak (Lair:4)
  A queen ant (Lair:3)
  Urug (Lair:3)
  3 black mambas
  5 spiny frogs
  Maurice (D:11)
  An orange demon (Lair:6)
  2 elephants
  A smoke demon (Lair:6)
  2 komodo dragons
  A red devil (Lair:6)
  A troll (Orc:1)
  A blink frog (Lair:6)
  A dream sheep (Lair:6)
  2 wraiths (Lair:4)
  A basilisk (Lair:1)
  8 yaks
  Eustachio (D:6)
  A hungry ghost (D:11)
  2 soldier ants (Lair:3)
  2 hell hounds (Lair:6)
  8 water moccasins
  5 orc warriors
  4 porcupines
  4 ogres
  2 centaurs (D:11)
  2 wolves (Lair:3)
  4 crocodiles
  A big kobold (D:10)
  3 bullfrogs
  A hound (D:2)
  A jelly (D:6)
  An orc priest (D:11)
  3 orc wizards (D:11)
  10 worker ants
  3 adders (D:3)
  3 worms (Lair:2)
  9 orcs
  4 giant cockroaches
  A hobgoblin (Bailey)
  3 jackals (D:11)
  6 kobolds (D:10)
  A rat (D:3)
125 creatures vanquished.

Vanquished Creatures (others)
  A killer bee (D:7)
  2 orcs
  28 fungi
  17 plants
48 creatures vanquished.

Grand Total: 575 creatures vanquished

Notes
Turn   | Place    | Note
-------+----------+-------------------------------------------
     0 | D:1      | Katsumi the Felid Transmuter began the quest for the Orb.
     0 | D:1      | Reached XP level 1. HP: 9/9 MP: 4/4
   265 | D:1      | Reached XP level 2. HP: 12/12 MP: 4/6
   866 | D:2      | Noticed Robin
  1298 | D:1      | Killed Robin
  1298 | D:1      | Reached XP level 3. HP: 15/15 MP: 5/7
  1305 | D:1      | Learned a level 2 spell: Sticks to Snakes
  1812 | D:2      | Noticed Terence
  1830 | D:2      | Killed Terence
  1830 | D:2      | Reached XP level 4. HP: 12/19 MP: 8/8
  2283 | D:2      | Found a burning altar of Makhleb.
  2320 | D:2      | Reached skill level 5 in Transmutations
  2357 | D:2      | Became a worshipper of Makhleb the Destroyer
  3130 | D:3      | Noticed a bullfrog
  3170 | D:3      | Found a sparkling altar of Nemelex Xobeh.
  3506 | D:4      | Reached XP level 5. HP: 22/22 MP: 7/9
  3521 | D:4      | Learned a level 5 spell: Blade Hands
  4003 | D:3      | Found an ornate altar of the Wu Jian Council.
  4161 | D:3      | Found an opulent altar of Gozag.
  4528 | D:4      | Reached * piety under Makhleb
  4528 | D:4      | Gained mutation: You are covered in thick fur. (AC +2)
                  | [Felid growth]
  4528 | D:4      | Reached XP level 6. HP: 25/25 MP: 4/10
  4981 | D:4      | Noticed Edmund
  4988 | D:4      | Killed Edmund
  5054 | D:4      | Noticed Sigmund
  5074 | D:4      | Killed Sigmund
  5074 | D:4      | Reached XP level 7. HP: 22/28 MP: 1/11
  5305 | D:5      | Entered Level 5 of the Dungeon
  5508 | D:5      | Found a staircase to the Ecumenical Temple.
  5622 | D:5      | Found a sacrificial altar of Ru.
  6026 | D:5      | Reached XP level 8. HP: 16/35 MP: 10/13
  6449 | D:5      | Found a shimmering blue altar of Sif Muna.
  6811 | D:6      | Reached ** piety under Makhleb
  6814 | D:6      | Reached skill level 5 in Fighting
  6902 | D:6      | Got a shimmering glass ring
  7227 | D:6      | Noticed Eustachio
  7249 | D:6      | Reached skill level 10 in Transmutations
  7253 | D:6      | Killed Eustachio
  7384 | D:6      | Found a glowing drain.
  7399 | Sewer    | Entered a sewer
  8293 | D:7      | Found a hide-covered altar of Uskayaw.
  8349 | D:7      | Found a flagged portal.
  8370 | D:7      | Reached *** piety under Makhleb
  8382 | Bailey   | Entered a bailey
  8418 | Bailey   | Identified the ring "Qaoxtif" {rC+ rN++ MR+ Str+3} (You
                  | found it on level 6 of the Dungeon)
  8434 | Bailey   | Reached XP level 9. HP: 43/43 MP: 5/14
  8514 | Bailey   | Found the +6 shillelagh "Devastator" {shatter}
  8576 | Bailey   | Found an iron altar of Okawaru.
  9089 | D:7      | Found a blossoming altar of Fedhas.
  9089 | D:7      | Found an ancient bone altar of Kikubaaqudgha.
  9355 | D:7      | Reached skill level 5 in Unarmed Combat
  9397 | D:7      | You fall into a shaft and drop 3 floors!
  9397 | D:10     | Entered Level 10 of the Dungeon
  9403 | D:10     | Noticed a cyclops
  9456 | D:9      | Found a glowing silver altar of Zin.
  9529 | D:9      | Found a transporter.
  9531 | D:9      | Found Bijielli's Book Shoppe.
  9536 | D:9      | Bought a book of Callings for 390 gold pieces
  9541 | D:9      | Learned a level 4 spell: Summon Lightning Spire
  9545 | D:9      | Found a transporter.
  9560 | D:9      | Noticed a yaktaur captain
  9562 | D:9      | Found a bloodstained altar of Trog.
  9563 | D:9      | Found a white marble altar of Elyvilon.
 10142 | D:9      | Reached XP level 10. HP: 49/51 MP: 9/15
 10276 | D:9      | Reached skill level 10 in Fighting
 10349 | D:8      | Reached skill level 1 in Summonings
 10349 | D:8      | Reached skill level 1 in Air Magic
 11257 | D:8      | Reached **** piety under Makhleb
 12299 | D:9      | Noticed Psyche
 12339 | D:9      | Found a shadowy altar of Dithmenos.
 12491 | D:9      | Killed Psyche
 12699 | D:10     | Noticed Harold
 12750 | D:9      | Killed Harold
 12991 | D:10     | Found Geelutuw's Magic Scroll Shop.
 13401 | D:10     | Reached skill level 1 in Evocations
 13546 | D:10     | Reached skill level 5 in Summonings
 13880 | D:10     | Killed a cyclops
 14040 | D:10     | Found a staircase to the Lair.
 14046 | D:10     | Reached skill level 5 in Spellcasting
 14140 | D:10     | Reached XP level 11. HP: 55/55 MP: 15/19
 14271 | Lair:1   | Entered Level 1 of the Lair of Beasts
 14614 | Lair:1   | Reached skill level 5 in Evocations
 15309 | Lair:1   | HP: 2/55 [black mamba (20)]
 16158 | D:9      | Bought a book of Battle for 520 gold pieces
 16162 | D:9      | Learned a level 3 spell: Regeneration
 16208 | D:10     | Bought a scroll of magic mapping for 45 gold pieces
 16208 | D:10     | Bought a scroll of immolation for 45 gold pieces
 16208 | D:10     | Bought a scroll of identify for 26 gold pieces
 16640 | Lair:2   | Found a hole to the Spider Nest.
 16726 | Lair:2   | Noticed a four-headed hydra
 16746 | Lair:2   | Killed a four-headed hydra
 16746 | Lair:2   | Reached skill level 1 in Charms
 16746 | Lair:2   | Reached skill level 1 in Necromancy
 16871 | Lair:2   | Reached ***** piety under Makhleb
 17737 | Lair:3   | Noticed Urug
 17738 | Lair:3   | Noticed a four-headed hydra
 17795 | Lair:3   | Learned a level 2 spell: Shroud of Golubria
 17798 | Lair:3   | Learned a level 2 spell: Song of Slaying
 18624 | Lair:3   | Found a staircase to the Swamp.
 18634 | Lair:2   | Reached skill level 1 in Invocations
 18986 | Lair:3   | Reached skill level 2 in Invocations
 19389 | Lair:3   | Reached skill level 3 in Invocations
 19399 | Lair:3   | Reached skill level 4 in Invocations
 19873 | Lair:3   | Killed Urug
 19873 | Lair:3   | Reached skill level 5 in Invocations
 21027 | Lair:3   | Noticed a queen ant
 21028 | Lair:3   | Gained mutation: Your thick and shaggy fur keeps you warm.
                  | (AC +3, rC+) [Felid growth]
 21028 | Lair:3   | Reached XP level 12. HP: 48/58 MP: 13/22
 21078 | Lair:3   | Killed a queen ant
 21078 | Lair:3   | Reached skill level 6 in Invocations
 21650 | Lair:4   | Noticed an eight-headed hydra
 21695 | Lair:3   | Killed an eight-headed hydra
 21905 | Lair:4   | Reached skill level 7 in Invocations
 22355 | Lair:4   | Killed a four-headed hydra
 22960 | Lair:4   | Noticed a death yak
 22976 | Lair:4   | Noticed Josephine
 22990 | Lair:4   | Noticed a death yak
 22993 | Lair:4   | Noticed a death yak
 22994 | Lair:4   | Killed Josephine
 22994 | Lair:4   | Reached skill level 8 in Invocations
 23030 | Lair:4   | Killed a death yak
 23112 | Lair:4   | Killed a death yak
 23247 | Lair:4   | Killed a death yak
 23247 | Lair:4   | Reached skill level 9 in Invocations
 24569 | Lair:5   | Noticed a four-headed hydra
 24590 | Lair:5   | Killed a four-headed hydra
 25155 | D:10     | Bought a scroll of identify for 26 gold pieces
 25155 | D:10     | Bought a scroll of identify for 26 gold pieces
 25155 | D:10     | Bought a scroll of identify for 26 gold pieces
 25341 | Lair:6   | Entered Level 6 of the Lair of Beasts
 25361 | Lair:6   | Reached skill level 10 in Invocations
 27125 | Lair:6   | Reached skill level 11 in Invocations
 27691 | Lair:6   | Found a staircase to the Slime Pits.
 28260 | Lair:6   | Noticed an eight-headed hydra
 28635 | Lair:5   | Killed an eight-headed hydra
 29417 | Lair:6   | Reached XP level 13. HP: 62/62 MP: 11/23
 29807 | Lair:6   | Reached skill level 12 in Invocations
 31132 | Lair:6   | Found a burning altar of Makhleb.
 32181 | Lair:6   | Found a gateway to Hell.
 32860 | D:11     | Noticed Maurice
 32867 | D:11     | Killed Maurice
 32867 | D:11     | Reached skill level 13 in Invocations
 33340 | D:11     | Found a staircase to the Orcish Mines.
 33402 | D:11     | Found a roughly hewn altar of Beogh.
 33678 | D:11     | Noticed Erica
 33722 | D:11     | HP: 2/62 [Erica/orb of energy (13)]
 34028 | D:11     | Killed Erica
 34350 | D:11     | Reached ****** piety under Makhleb
 35004 | Orc:1    | Entered Level 1 of the Orcish Mines
 35109 | Orc:1    | Found a dark tunnel.
 35159 | Volcano  | Entered a volcano
 35423 | Orc:2    | Entered Level 2 of the Orcish Mines
 35832 | Orc:2    | Slain by an orc warrior
 35833 | Orc:2    | Reached XP level 12. HP: 0/58 MP: 10/23
 35852 | Orc:2    | Slain by an orc knight
 35853 | Orc:2    | Reached XP level 11. HP: 0/55 MP: 22/22
 35853 | Orc:2    | Found a staircase to the Elven Halls.
 35870 | Orc:2    | Paralysed by an orc sorcerer for 3 turns
 35873 | Orc:2    | Killed from afar by an orc sorcerer

Levels and vault maps discovered:
D:1:      minmay_arrival_floating_metal, layout_basic, nrook_uturn
D:2:      layout_basic, makhleb_blood_cavern_becter, serial_bayou_lagoon_b,
          uniq_robin, uniq_terence
D:3:      layout_basic, nicolae_overflow_crystal_walls, lemuel_crystal_altar,
          first_ration, grunt_gozag_statues
D:4:      layout_cave_pools, sigmund_edmund_badplayer
D:5:      layout_loops_ring, lemuel_blue_sif_altar, nicolae_ru_awakened_eye,
          minmay_temple_entry_arrows, hangedman_decor_opposing, uniq_edmund
D:6:      layout_basic, portal_sewer_entry_b, uniq_eustachio
D:7:      layout_loops_ring, grunt_temple_overflow_growth_and_decay,
          lemuel_crystal_altar, enter_bailey_3
D:8:      layout_loops_corners
D:9:      layout_rooms, zin_academy, marbit_many_paths,
          gammafunk_temple_overflow_arena, serial_shops, shop, uniq_psyche
D:10:     layout_basic, grunt_lair_entry_orc_guard_hut, serial_shops, shop,
          uniq_harold
D:11:     layout_loops_ring, minmay_orc_entry_temple_small, uniq_maurice,
          uniq_erica
Lair:1:   layout_cave_shapes, serial_bayou_lagoon_a
Lair:2:   layout_regular_city, nicolae_spider_entry_non_spiders
Lair:3:   layout_roguey, swamp_mist_pool, minmay_another_anthill, uniq_urug
Lair:4:   layout_regular_city, grunt_megastairs_2, uniq_josephine
Lair:5:   layout_hall_layers
Lair:6:   evil_forest, layout_cave_pods, minmay_slime_entry_pillars,
          minmay_lair_oklob_bushes
Orc:1:    layout_diamond_mine, nicolae_volcano_entry_batcave,
          nicolae_orc_stony_grotto
Orc:2:    st_orc_rangers, layout_caves, lightli_orcish_oven

Skill      XL: |  1  2  3  4  5  6  7  8  9 10 11 12 13 |
---------------+----------------------------------------+-----
Transmutations | 3 4 5 7 8 9 10 | 10.0
Fighting       | 3 7 9 10 | 10.3
Spellcasting   | 3 5 6 |  6.0
Unarmed Combat | 5 |  5.2
Summonings     | 5 6 |  6.0
Air Magic      | 4 |  4.0
Evocations     | 3 6 |  6.0
Charms         | 4 |  4.1
Necromancy     | 2 |  2.0
Invocations    | 5 11 13 | 13.9
Dodging        | |  2.6

Action                   |  1- 3 |  4- 6 |  7- 9 | 10-12 | 13-15 || total
-------------------------+-------+-------+-------+-------+-------++-------
Melee: Unarmed           |    83 |   152 |   257 |   545 |   201 ||  1238
       Headbutt          |    14 |    15 |       |     2 |     3 ||    34
       Bite              |     7 |    14 |    19 |    55 |    17 ||   112
       Punch             |       |       |     1 |    14 |     2 ||    17
 Cast: Beastly Appendage |    23 |    35 |     2 |     1 |     4 ||    65
       Sticks to Snakes  |       |    10 |    17 |    13 |       ||    40
       Blade Hands       |       |     7 |    39 |    95 |    33 ||   174
       Summon Lightning  |       |       |       |   140 |    66 ||   206
       Shroud of Golubri |       |       |       |     1 |     2 ||     3
       Regeneration      |       |       |       |       |     2 ||     2
       Song of Slaying   |       |       |       |       |     1 ||     1
Invok: Lesser Servant of |       |       |       |       |     1 ||     1
 Abil: End Transformatio |       |       |       |     5 |     4 ||     9
Evoke: Wand              |       |       |    14 |    11 |    10 ||    35
  Use: Scroll            |       |     9 |     4 |    14 |     2 ||    29
       Potion            |       |       |       |     5 |       ||     5
 Stab: Sleeping          |       |       |     1 |       |       ||     1
       Distracted        |       |       |       |     6 |     4 ||    10
       Paralysed         |       |       |       |     2 |       ||     2
  Eat: Chunk             |     7 |    12 |    24 |   108 |    32 ||   183
       Ration            |       |       |       |       |     1 ||     1
Armor: Skin              |    10 |    25 |    37 |    67 |    38 ||   177
Dodge: Dodged            |    78 |   112 |   169 |   465 |   205 ||  1029
